 Dungeon Crawl Stone Soup version 0.29.0-11-gd7f09526c8 (webtiles) character file.

Game seed: 14011292454801085237

81 jt the Chopper (level 4, 0/35 HPs)
             Began as a Djinni Chaos Knight on Sept 2, 2022.
             Was a Plaything of Xom.
             Slain by a gnoll
             ... wielding a +0 club
              (2 damage)
             ... on level 2 of the Dungeon.
             The game lasted 00:03:51 (1658 turns).

jt the Chopper (Djinni Chaos Knight)                Turns: 1658, Time: 00:03:52

Health: 0/35       AC:  9    Str: 13    XL:     4   Next: 68%
Gold:   127        EV: 11    Int: 14    God:    Xom [..*...] SH:  0 Dex: 12

rFire   + + .      SeeInvis .   e - +1 hand axe (flame)
rCold   x . .      Faith    .   (no shield)
rNeg    . . .      Spirit   .   b - +2 leather armour
rPois   ∞          Reflect  .   (no helmet)
rElec   .          Harm     .   (no cloak)
rCorr   .          Rampage  .   (no gloves)
Will    .....                   (boots unavailable)
Stlth   +.........              (no amulet)
HPRegen 0.11/turn               j - +4 ring of protection
MPRegen 0.00/turn               (no ring)

@: brilliant, flying, very slightly contaminated
A: sickness immunity, fire resistance 2, cold vulnerability 1, float, innate
caster, HP casting, extra vitality 1
a: Renounce Religion


You were on level 2 of the Dungeon.
You worshipped Xom.
You were a toy of Xom.
You visited 1 branch of the dungeon, and saw 3 of its levels.

You collected 127 gold pieces.

Inventory:

Hand Weapons
 a - a +0 hand axe of chaos
 e - a +1 hand axe of flaming (weapon)
 g - a +0 spear
 m - a +3 dagger
Missiles
 f - 12 stones
 i - 2 datura-tipped darts
Armour
 b - a +2 leather armour (worn)
Jewellery
 j - a +4 ring of protection (left hand)
Scrolls
 d - 3 scrolls of identify
 h - a scroll of poison
 k - a scroll of torment
Miscellaneous
 c - a piece from Xom's chessboard (14/15)


   Skills:
 - Level 3.0 Fighting
 + Level 4.2 Axes
 - Level 1.0 Armour
 - Level 2.1 Dodging


You had 2 spell levels left.
You knew the following spells:

 Your Spells              Type           Power      Damage    Failure   Level
a - Sting                 Tmut/Pois      0%         1d3       36%         1
Your spell library was empty.

Dungeon Overview and Level Annotations

Branches:
Dungeon (3/15)

Altars:


Innate Abilities, Weirdness & Mutations

You are immune to sickness and miasma.
You are immune to poison.
Your flesh is very heat resistant. (rF++)
You are vulnerable to cold. (rC-)
You float through the air rather than walking.
You learn spells naturally, not from books.
Your magical power is your life essence.
You have superior vitality. (+4 MHP)


Message History

You are too injured to fight recklessly!
You hit the gnoll but do no damage.
The gnoll is almost dead.
The gnoll hits you with a +0 club.
You hit the gnoll. You burn the gnoll.
You kill the gnoll!
The gnoll barely misses you.
You fly upwards.
There is a stone staircase leading down here.
You hit the gnoll. You burn the gnoll.
The gnoll is moderately wounded.
The gnoll hits you with a +0 club.
* * * LOW HITPOINT WARNING * * *
The gnoll barely misses you.
You barely miss the gnoll.
The gnoll is moderately wounded.
The gnoll hits you with a +0 club!
* * * LOW HITPOINT WARNING * * *
Unknown command.
It was a potion of brilliance.
You feel clever all of a sudden. The gnoll hits you with a +0 club.
* * * LOW HITPOINT WARNING * * *
You make a move on Xom's chessboard...
The gnoll resists with significant effort.
The gnoll hits you but does no damage.
You closely miss the gnoll.
The gnoll is moderately wounded.
The gnoll hits you with a +0 club.
* * * LOW HITPOINT WARNING * * *
You hit the gnoll but do no damage.
The gnoll is moderately wounded.
The gnoll closely misses you.
Press: ? - help, v - describe, . - travel
Here: a gnoll, wielding a +0 club (moderately wounded)
The floor.
You hit the gnoll but do no damage.
The gnoll is moderately wounded.
The gnoll hits you with a +0 club.
You die...

#.......# #.......# #.......#
#.......# #.......# ######
##.......# #....# .........#
#....#
.........##########....##########
...............g@.'.......!......
......##########.##....##########
......# #.##....# #..<#.. ....).#
##.##....####.###.# ......#
#..########.......# ......#
####.## #.#.##### ......# ##....#
#.#.# ......# #..######### #.#.#
......# #..........# #.#.#


You could see a gnoll.

Vanquished Creatures
  2 gnolls (D:3)
  An adder (D:3)
  2 dart slugs
  8 ball pythons
  2 endoplasms
  2 giant cockroaches
  7 goblins
  4 hobgoblins
  5 quokkas (D:1)
  2 bats
  3 frilled lizards
  7 kobolds
  3 rats
48 creatures vanquished.

Notes
Turn   | Place    | Note
-------+----------+-------------------------------------------
     0 | D:1      | jt the Djinni Chaos Knight began the quest for the Orb.
     0 | D:1      | Reached XP level 1. HP: 20/20 MP: 0/0
    88 | D:1      | Reached XP level 2. HP: 25/25 MP: 0/0
    89 | D:1      | XOM: silly message
    95 | D:1      | Reached skill level 3 in Axes
   142 | D:1      | XOM: noise
   355 | D:1      | Reached XP level 3. HP: 30/30 MP: 0/0
   355 | D:1      | Learned a level 1 spell: Sting
   704 | D:1      | Found a faded altar of an unknown god.
  1494 | D:2      | Reached XP level 4. HP: 34/35 MP: 0/0
  1629 | D:3      | Reached skill level 4 in Axes
  1632 | D:3      | XOM: confuse monster(s)
  1658 | D:2      | Slain by a gnoll

Illustrated notes

Levels and vault maps discovered:
D:1:      ncdulo_smallfort, layout_loops_ring,
          hellmonk_ecumenical_altar_crossroads
D:2:      layout_basic
D:3:      layout_basic, minitemple

Skill      XL: |  1  2  3  4 |
---------------+-------------+-----
Axes           | 3 4 |  4.2
Fighting       | |  3.0
Armour         | |  1.0
Dodging        | |  2.1

Action                   |  1- 3 |  4- 6 || total
-------------------------+-------+-------++-------
Melee: Hand axe          |    63 |    19 ||    82
       Punch             |     2 |       ||     2
 Cast: Sting             |    26 |     6 ||    32
Evoke: Piece from Xom's  |     3 |     1 ||     4
  Use: Scroll            |     3 |       ||     3
       Potion            |       |     1 ||     1
 Stab: Petrified         |     6 |       ||     6
       Paralysed         |     2 |       ||     2
Armor: Leather armour    |    20 |     5 ||    25
Dodge: Dodged            |    19 |    13 ||    32
